AoeStats
← Peyotl

Black Forest

505945511Analyzed
3v3 RM · 20d ago on Sep 11, 2026· 46m 3s· 6 players
Game mode
Random Map
Map size
Normal (6 player)
Population
200
Speed
Normal
Resources
Standard
Victory
Conquest
Starting age
Dark Age
Ending age
Imperial Age
RankedLock teamsTeams togetherTeam positionsShared explorationLock speedFull tech treeHidden civsTurbo modeCheats
Victory
Defeat
🇸🇦 Byzantines · Saudi Arabia
736
+15
🇸🇦 Italians · Saudi Arabia
714
+16
🇵🇦 Lithuanians · Panama
643
+17
🇲🇽 Maya · Mexico
731
-17
🇭🇺 Persians · Hungary
700
-16
🇷🇺 Persians · Russia
676
-15
Lendva [HUN]
0:55 Loom
PONI_PAI
0:52 Loom
1:16 Loom
15:09 Feudal Age
16:30 Wheelbarrow
20:26 Horse Collar
22:42 Town Watch
22:54 Double-Bit Axe
23:01 Gold Mining
23:02 Stone Mining
28:51 Castle Age
28:00 Forging
30:31 Heavy Plow
32:50 Stone Mining
32:57 Pikeman
33:24 Arson
35:39 Scale Barding Armor
38:17 Squires
43:10 Hand Cart
47:07 Imperial Age
Peyotl
0:30 Loom
16:54 Feudal Age
18:11 Horse Collar
19:09 Wheelbarrow
18:27 Gold Mining
18:27 Double-Bit Axe
18:37 Stone Mining
18:35 Arson
29:03 Castle Age
27:19 Forging
28:43 Padded Archer Armor
29:30 Scale Mail Armor
29:20 Elite Skirmisher
29:29 Pikeman
30:15 Heavy Plow
30:34 Hand Cart
30:31 Bow Saw
31:01 Stone Shaft Mining
30:34 Squires
30:32 Fletching
32:13 Iron Casting
34:33 Leather Archer Armor
37:06 Bodkin Arrow
37:56 Coinage
37:27 Caravan
38:21 Chain Mail Armor
38:57 Murder Holes
39:15 Hul'che Javelineers
38:41 Eagle Warrior
42:11 Imperial Age
40:45 Ballistics
41:39 Masonry
44:31 Chemistry
44:47 Crop Rotation
45:26 Two-Man Saw
45:48 Blast Furnace
44:36 Onager
45:36 Bracer
46:58 Architecture
xTc
13:00 Feudal Age
17:56 Castle Age
17:05 Double-Bit Axe
19:48 Horse Collar
20:08 Gold Mining
20:09 Stone Mining
27:51 Stone Shaft Mining
27:18 Crossbowman
28:35 Bow Saw
28:28 Heavy Plow
29:54 Elite Skirmisher
30:47 Pikeman
31:29 Squires
31:32 Padded Archer Armor
31:23 Fletching
33:33 Leather Archer Armor
33:13 Bodkin Arrow
33:29 Forging
35:27 Thumb Ring
39:15 Imperial Age
39:20 Elite Genoese Crossbowman
41:08 Ring Archer Armor
40:38 Bracer
41:15 Iron Casting
40:41 Scale Mail Armor
41:58 Wheelbarrow
45:22 Blast Furnace
44:23 Bracer
44:39 Chain Mail Armor
44:43 Arbalester
remofjlanzoni
0:26 Loom
12:37 Feudal Age
13:14 Double-Bit Axe
21:18 Castle Age
20:23 Wheelbarrow
19:45 Fletching
20:06 Padded Archer Armor
26:34 Horse Collar
28:50 Wheelbarrow
29:41 Gold Mining
29:41 Stone Mining
33:06 Hand Cart
33:40 Heavy Plow
34:37 Greek Fire
34:08 Pikeman
34:49 Squires
34:15 Elite Skirmisher
35:00 Husbandry
36:01 Bow Saw
39:58 Imperial Age
38:10 Scale Barding Armor
38:16 Forging
38:01 Bodkin Arrow
38:22 Leather Archer Armor
42:42 Capped Ram
42:54 Halberdier
45:58 Chemistry
45:23 Chain Barding Armor
45:33 Ring Archer Armor
45:04 Bracer
45:40 Iron Casting
45:05 Scale Mail Armor
45:19 Light Cavalry
Javi_20i
5:24 Loom
9:04 Loom
11:42 Feudal Age
12:29 Double-Bit Axe
12:25 Horse Collar
13:24 Wheelbarrow
20:50 Castle Age
21:44 Bow Saw
21:35 Heavy Plow
27:34 Hand Cart
27:04 Town Watch
28:22 Gold Mining
28:27 Stone Mining
28:33 Treadmill Crane
29:12 Fervor
29:29 Town Patrol
30:32 Stone Shaft Mining
30:47 Caravan
31:29 Forging
31:25 Scale Barding Armor
36:32 Imperial Age
36:22 Ballistics
36:58 Iron Casting
36:44 Chain Barding Armor
36:29 Scale Mail Armor
36:43 Squires
36:28 Arson
36:04 Pikeman
37:44 Crop Rotation
38:26 Two-Man Saw
38:42 Chemistry
37:28 Onager
39:19 Plate Barding Armor
38:22 Halberdier
39:37 Conscription
39:26 Tower Shields
41:40 Chain Mail Armor
43:35 Elite Leitis
Connection lost

Rejoining the realm…

Still unreachable

The connection could not be restored.

Session expired

The server has moved on; the page needs a fresh start.